Cogmind - Beta 16 @@@ ROGUE MODE // 2026.01.25 @ 20:08:27 Player: Johnny5001 Result: Destroyed by G-50 Soldier with Heavy Laser Performance ------------- Evolutions (2) 1000 Regions Visited (4) 800 Robots Destroyed (95) 475 Value Destroyed (2799) 2799 Prototype IDs (21) 420 Alien Tech Used (0) 0 Bonus (35) 35 TOTAL SCORE: 5529 Bonus ------- Follower Combat Kills 35 Cogmind --------- Core Integrity 0/550 Matter 242/300 Energy 100/100 System Corruption 0% Temperature Cool (9) Movement Core (50) Location -8/Storage Parts ------- > --- POWER (1) -------- (None) > --- PROPULSION (3) --- (None) > --- UTILITY (4) ------ Improved Heat Sink > --- WEAPON (3) ------- Makeshift Sword > --- INVENTORY (5) ---- Cooled Ion Engine Faulty Improved VTOL Module Seismic Detector System Shield Katana Peak State ------------ > --- POWER ------------ Cooled Ion Engine > --- PROPULSION ------- Armored Wheel Armored Wheel Armored Wheel > --- UTILITY ---------- Improved Heat Sink Huge Storage Unit Makeshift Light Armor Plating Drone Bay > --- WEAPON ----------- Heavy Particle Gun Heavy Particle Gun Heavy Particle Gun > --- INVENTORY -------- Cooled Ion Engine Improved VTOL Module Improved VTOL Module Improved Heat Sink Seismic Detector System Shield Heavy Particle Gun Grenade Launcher Katana Makeshift Sword SUBCON Basin [Rating: 55] Favorites ----------- Power Ion Engine Engine Ion Engine Power Core Light Nuclear Core Propulsion Spiked Treads Treads Spiked Treads Leg Aluminum Leg Wheel Armored Wheel Utility Seismic Detector Device Seismic Detector Storage Small Storage Unit Protection Makeshift Light Armor Plating Weapon Powered Cannon Energy Gun Heavy Particle Gun Energy Cannon Powered Cannon Ballistic Gun Assault Rifle Ballistic Cannon Battle Cannon Launcher Grenade Launcher Impact Weapon Mace Slashing Weapon Mining Claw Special Melee Weapon Datajack Build | -11 -10 -10 -8 -8 ------- Run | Yrd Mat Sub Mat Sto Slots Evolved 4 | . . . 4 . Power . | . . . . . Propulsion 1 | . . . 1 . Utility 2 | . . . 2 . Weapon 1 | . . . 1 . Parts Attached 70 | 2 16 13 18 21 Power 10 | . 1 3 3 3 Engine 8 | . 1 3 1 3 Core 2 | . . . 2 . Reactor . | . . . . . Propulsion 12 | 2 1 4 3 2 Treads 5 | 2 . 3 . . Leg . | . . . . . Wheel 7 | . 1 1 3 2 Hover . | . . . . . Flight . | . . . . . Utility 18 | . 6 2 5 5 Device 11 | . 4 . 3 4 Storage 2 | . 1 1 . . Processor . | . . . . . Hackware . | . . . . . Protection 5 | . 1 1 2 1 Artifact . | . . . . . Weapon 30 | . 8 4 7 11 Energy Gun 12 | . . 1 3 8 Energy Cannon 5 | . 2 1 1 1 Ballistic Gun 5 | . 4 . 1 . Ballistic Cannon 2 | . . 2 . . Launcher 2 | . . . 1 1 Special Weapon . | . . . . . Impact Weapon 1 | . . . . 1 Slashing Weapon 2 | . 1 . 1 . Piercing Weapon . | . . . . . Special Melee Weapon 1 | . 1 . . . Unidentified Prototypes 9 | . . . 3 6 Parts Lost 15 | . . 5 . 10 Power 3 | . . 2 . 1 Propulsion 5 | . . 2 . 3 Utility 2 | . . . . 2 Weapon 5 | . . 1 . 4 Highest Loss Streak 10 | . . 1 . 10 To Critical Strikes 1 | . . 1 . . Average Backups 7 | 6 7 7 6 9 Power . | 1 1 . . 1 Propulsion 1 | 4 2 . 1 2 Utility 3 | . 2 3 2 3 Weapon 2 | 1 1 2 1 3 Tool/Special . | . . . . . Unused Backups 22 | . 9 6 1 6 Power 6 | . 2 1 1 2 Propulsion 4 | . . 2 . 2 Utility 6 | . 3 2 . 1 Weapon 6 | . 4 1 . 1 Tool/Special . | . . . . . Average Slot Usage (%) 92 | . 99 88 99 98 Engine 14 | . 14 16 4 8 Treads 22 | . 28 24 20 2 Wheel 4 | . . 1 6 23 Device 12 | . 12 12 13 14 Storage 12 | . 14 13 9 8 Protection 3 | . . 1 13 12 Energy Gun 2 | . . . 4 19 Energy Cannon 9 | . 10 11 1 . Ballistic Gun 2 | . 14 . 1 2 Ballistic Cannon 3 | . . 2 15 1 Slashing Weapon 2 | . 2 1 3 3 Peak Build Rating 55 | 6 8 31 49 55 Average Rating 24 | 6 6 21 45 50 On Entrance 19 | 6 6 7 31 46 Avg Prop Armor Cover (%) 9 | . 12 7 14 15 Naked Turns . | . . . . . Heaviest Build 106 | 14 17 92 106 106 Greatest Support 40 | 40 40 40 40 36 Greatest Overweight (x) 8 | . . 2 8 8 Average Overweight (x) . | . . . 5 2 Largest Inventory Capacity 25 | 8 25 25 25 25 Average Capacity 12 | 8 8 9 25 24 Most Carried 25 | 6 8 20 25 25 Average Carried 11 | 6 7 9 21 24 Final Capacity 25 | 8 8 25 25 5 Final Carried 25 | 6 8 20 25 5 Class Distribution -------------------- 80% | Mutant 6% | Tank 6% | Derelict-Mutant 5% | Derelict-Tank Dominant Class ---------------- Mutant | -10/Materials Mutant | -10/Subcaves Derelict-Tank | -8/Materials Tank | -8/Storage Resources | -11 -10 -10 -8 -8 ----------- Run | Yrd Mat Sub Mat Sto Matter Collected 2263 | 200 436 342 569 716 Remotely 10 | . . . . 10 Salvage Created 4083 | . 605 832 734 1912 Parts 229 | . 46 54 34 95 Haulers Intercepted 10 | . 1 . 3 6 Recyclers Shooed 1 | . . . . 1 Parts Field Recycled . | . . . . . Retrieved Matter . | . . . . . Parts Self-Destructed 13 | . . 13 . . Prevented . | . . . . . Parts Restored . | . . . . . Kills | -11 -10 -10 -8 -8 ------- Run | Yrd Mat Sub Mat Sto Combat Hostiles Destroyed 65 | . 11 17 8 29 Guns 30 | . 6 . 1 23 Cannons 29 | . 5 15 7 2 AOE 4 | . . . . 4 Classes Destroyed 16 | . 8 3 1 4 Worker 2 | . 1 . 1 . Builder 4 | . 2 . . 2 Tunneler 1 | . 1 . . . Hauler 10 | . 1 . 3 6 Recycler 7 | . 1 . 3 3 Mechanic 1 | . . . . 1 Operator 1 | . . . . 1 Watcher 4 | . 3 . 1 . Swarmer 8 | . 3 2 . 3 Grunt 25 | . 8 . 6 11 Brawler 2 | . . . . 2 Duelist 2 | . . . 1 1 Protector 1 | . . . . 1 Sentry 13 | . . 1 1 11 Cobbler 1 | . . 1 . . Subdweller 14 | . . 14 . . Best Kill Streak 8 | . 4 3 3 8 Combat Bots Only 7 | . 4 3 2 7 Max Kills in Single Turn 3 | . 1 1 2 3 Gunslinging 1 | . . . . 1 Exploded 3 | . . . . 3 Melee . | . . . . . Uniques/NPCs Destroyed . | . . . . . Combat | -11 -10 -10 -8 -8 -------- Run | Yrd Mat Sub Mat Sto Hostile Shots Fired 270 | . 36 50 32 152 Missed 62 | . 9 13 10 30 Hits 208 | . 27 37 22 122 Melee 14 | . . . 4 10 Projectile 194 | . 27 37 18 112 AOE 3 | . . 3 . . Critical Strikes 20 | . . 4 8 8 Damage Taken 3688 | . 321 768 419 2180 Core 681 | . . 131 51 499 Absorbed by Shields . | . . . . . Regen/Repaired (Parts) 6 | . . . 6 . Core Remaining (%) 73 | 100 . 47 . . Volleys Fired 316 | . 49 170 24 73 Largest 3 | . 2 2 3 3 Hottest 171 | . 120 120 141 171 Shots Fired 537 | . 93 173 67 204 Gun 253 | . 64 . 17 172 Cannon 281 | . 29 173 50 29 Launcher 3 | . . . . 3 Special . | . . . . . Kinetic 169 | . 64 4 43 58 Thermal 365 | . 29 169 24 143 Explosive 3 | . . . . 3 Electromagnetic . | . . . . . Robot Hit Streak 19 | . 6 14 14 19 Robot Miss Streak 6 | . 4 1 6 4 Penetration Max . | . . . . . Secondary Targets 4 | . 1 . . 3 Max Gunslinging Chain 2 | . 1 . . 2 Shots Hit Robots 311 | . 55 49 41 166 Core Hits 128 | . 25 20 22 61 Critical Kills 3 | . 1 2 . . Critical Parts Destroyed 2 | . 2 . . . Critical Strikes 18 | . 3 2 1 12 Burn 8 | . . . . 8 Meltdown 2 | . . 2 . . Destroy 3 | . 3 . . . Blast 2 | . . . 1 1 Sever 3 | . . . . 3 Melee Attacks 81 | . 13 3 9 56 Impact . | . . . . . Slashing 81 | . 13 3 9 56 Piercing . | . . . . . Sneak Attacks 17 | . 3 . 3 11 Combat Hostiles . | . . . . . Follow-up Attacks . | . . . . . Damage Inflicted 8799 | . 841 2276 1058 4624 Guns 2950 | . 509 . 210 2231 Cannons 3399 | . 235 2274 638 252 Explosions 372 | . . . . 372 Melee 2076 | . 97 . 210 1769 Ramming 2 | . . 2 . . Kinetic 1596 | . 509 62 518 507 Thermal 4753 | . 235 2212 330 1976 Explosive 372 | . . . . 372 Electromagnetic . | . . . . . Impact . | . . . . . Slashing 2076 | . 97 . 210 1769 Piercing . | . . . . . Highest Corruption . | . . . . . Average Corruption . | . . . . . Corruption Purged . | . . . . . Corruption Blocked . | . . . . . Overload Shots 1 | . . 1 . . Overflow Damage 448 | . 47 108 67 226 Projectiles 123 | . 12 108 3 . Explosions 15 | . . . . 15 Melee 310 | . 35 . 64 211 Knockbacks 8 | . . . 6 2 Impact . | . . . . . Kinetic 8 | . . . 6 2 Secondary . | . . . . . Self-Inflicted Damage 95 | . . . . 95 Shots 3 | . . . . 3 Rammed 1 | . . 1 . . Targets Rammed 2 | . 1 1 . . Kicked . | . . . . . Crushed 1 | . 1 . . . Highest Temperature 348 | . 264 92 348 317 Average Temperature 77 | . 60 9 99 99 Received Heat Transfer 1440 | . 141 165 225 909 Siege Activations . | . . . . . Martial Activations . | . . . . . Shielding Activations . | . . . . . Robots Disrupted . | . . . . . Combat Hostiles . | . . . . . Robots Corrupted . | . . . . . Combat Hostiles . | . . . . . Parts Fried . | . . . . . Impact Corruptions . | . . . . . Robots Melted 2 | . . 2 . . Combat Hostiles 2 | . . 2 . . Parts Melted 15 | . . 5 1 9 Heat Transferred 5478 | . 481 185 555 4257 Parts Sabotaged . | . . . . . Parts Stolen . | . . . . . Parts Stripped . | . . . . . Power Chain Reactions . | . . . . . Alert | -11 -10 -10 -8 -8 ------- Run | Yrd Mat Sub Mat Sto Maximum Alert Level 1 | . 1 . . 1 Low Security (%) 76 | 100 98 . 100 32 Level 1 23 | . 1 . . 67 Level 2 . | . . . . . Level 3 . | . . . . . Level 4 . | . . . . . Level 5 . | . . . . . High Security . | . . . . . Max Security . | . . . . . Peak Influence 383 | . 202 . 125 383 Initial 34 | . . . . 34 Average 117 | . 50 . 35 260 Influence Increases 1906 | . 544 60 294 1008 Destroy 0b10 Robot/C 1020 | . 220 60 160 580 Destroy 0b10 Robot/NC 155 | . 45 . 40 70 Destroy Leader 248 | . 58 . 28 162 Allied During Kill 3 | . . . . 3 Trap Triggered on 0b10 30 | . 30 . . . Successful Hack 105 | . 49 . 6 50 Select Force Hacks 60 | . 60 . . . Disable Machine 135 | . 15 . 45 75 Destroy Structure 45 | . 7 . 15 23 Lose Combat Pursuer 105 | . 60 . . 45 Influence Decreases 1546 | . 372 232 212 730 Entered New Map 132 | . . 84 . 48 Time Decay 1264 | . 372 138 212 542 Lost Part 110 | . . 10 . 100 Lost Ally 40 | . . . . 40 Squads Dispatched 8 | . 2 . 2 4 Investigation 5 | . 2 . 2 1 Extermination . | . . . . . Reinforcement 1 | . . . . 1 Assault 2 | . . . . 2 Garrison . | . . . . . Intercept . | . . . . . Searches Triggered . | . . . . . Construction Impeded . | . . . . . Haulers Reinforced . | . . . . . Active Scanning Responses . | . . . . . Cargo Convoy Interrupts . | . . . . . Stealth | -11 -10 -10 -8 -8 --------- Run | Yrd Mat Sub Mat Sto Distress Signals 8 | . 1 . 2 5 Communications Jammed . | . . . . . Distress Signals . | . . . . . Times Spotted 96 | . 21 19 10 46 Peak Tracking Total 9 | . 5 2 3 9 Tactical Retreats 6 | . 2 1 . 3 Traps | -11 -10 -10 -8 -8 ------- Run | Yrd Mat Sub Mat Sto Traps Triggered 2 | . . 1 . 1 Indirectly . | . . . . . Trap Hack Attempts 11 | . 11 . . . Triggered . | . . . . . Disarmed . | . . . . . Reprogrammed 4 | . 4 . . . Reused 4 | . 4 . . . Traps Extracted . | . . . . . Installed . | . . . . . Triggered 3 | . 3 . . . Machines | -11 -10 -10 -8 -8 ---------- Run | Yrd Mat Sub Mat Sto Machines Disabled 10 | . 1 1 3 5 Max in Single Turn 1 | . 1 1 1 1 Garrison Access 1 | . . . . 1 Machines Repaired . | . . . . . Machines Dismantled . | . . . . . Machines Sabotaged . | . . . . . Overloaded Fab Kills . | . . . . . Hacking | -11 -10 -10 -8 -8 --------- Run | Yrd Mat Sub Mat Sto Machines Accessed 30 | . 11 4 5 10 Terminals 20 | . 8 . 3 9 Fabricators . | . . . . . Repair Stations 3 | . 1 . 2 . Recycling Units 2 | . 2 . . . Scanalyzers . | . . . . . Garrison Access 1 | . . . . 1 Total Hacks 88 | . 43 7 9 29 Successful 55 | . 30 7 7 11 Failed 32 | . 12 . 2 18 Catastrophic 3 | . 1 . 1 1 Database Lockouts 1 | . 1 . . . Manual 58 | . 32 1 7 18 Terminals 70 | . 37 . 6 27 Fabricators . | . . . . . Repair Stations 5 | . 2 . 3 . Recycling Units 4 | . 4 . . . Scanalyzers . | . . . . . Garrison Access 2 | . . . . 2 Terminal Hacks 25 | . 9 7 2 7 Record 5 | . . 4 1 . Part Schematic 1 | . . . . 1 Robot Analysis 5 | . 4 . . 1 Open Door 2 | . . 1 . 1 Branch Access Points 1 | . . . 1 . Terminal Index 1 | . 1 . . . Alert Level 1 | . . . . 1 Locate Traps 6 | . 3 . . 3 Security Status 1 | . 1 . . . Proto ID Catalog 1 | . . 1 . . Release Object 1 | . . 1 . . Fabricator Hacks . | . . . . . Repair Station Hacks 1 | . 1 . . . Scan Component 1 | . 1 . . . Recycling Unit Hacks 2 | . 2 . . . Report Inventory 2 | . 2 . . . Scanalyzer . | . . . . . Garrison Access Hacks 1 | . . . . 1 Seal Access 1 | . . . . 1 Unauthorized Hacks 26 | . 18 . 5 3 Terminals 21 | . 16 . 2 3 Track 3 | . 3 . . . Botnet 11 | . 6 . 2 3 Operators 1 | . 1 . . . Skim 6 | . 6 . . . Fabricators . | . . . . . Repair Stations 3 | . . . 3 . Mechanics 1 | . . . 1 . Patch 2 | . . . 2 . Recycling Units 2 | . 2 . . . Tunnel 2 | . 2 . . . Scanalyzers . | . . . . . Garrison Access . | . . . . . Data Cores Recovered . | . . . . . Used . | . . . . . Hacking Detections 23 | . 10 . 4 9 Full Trace Events 1 | . . . . 1 Feedback Events . | . . . . . Feedback Blocked . | . . . . . Robot Schematics Acquired . | . . . . . Robots Built . | . . . . . Authchips . | . . . . . Time . | . . . . . Total Robot Build Rating . | . . . . . Part Schematics Acquired 1 | . . . . 1 Parts Built . | . . . . . Authchips . | . . . . . Time . | . . . . . Total Part Build Rating . | . . . . . Part Studies Acquired . | . . . . . Parts Repaired . | . . . . . Time . | . . . . . Parts Recycled . | . . . . . Recycled Matter . | . . . . . Retrieved Matter . | . . . . . Retrieved Components . | . . . . . Parts Scanalyzed . | . . . . . Part Schematics Acquired . | . . . . . Parts Damaged . | . . . . . Bothacking | -11 -10 -10 -8 -8 ------------ Run | Yrd Mat Sub Mat Sto Used RIF Installer . | . . . . . Robots Hacked . | . . . . . Non-combat . | . . . . . Combat . | . . . . . Robot Hacks Applied . | . . . . . Relay Couplers Released . | . . . . . Fabnet Peak Effective % . | . . . . . Robots Rewired . | . . . . . Allies Hacked . | . . . . . Hacks Repelled . | . . . . . Allies | -11 -10 -10 -8 -8 -------- Run | Yrd Mat Sub Mat Sto Total Allies 2 | . . . . 2 Largest Group 2 | . . . . 2 Highest-Rated Group 62 | . . . . 62 Highest-Rated Ally 31 | . . . . 31 Total Orders . | . . . . . Ally Attacks 9 | . . . . 9 Total Damage 129 | . . . . 129 Kills 1 | . . . . 1 Allies Corrupted . | . . . . . Allies Melted . | . . . . . Intel | -11 -10 -10 -8 -8 ------- Run | Yrd Mat Sub Mat Sto Active Infowar (turns) 10283 | . 1152 7885 783 463 Structural 8 | . 8 . . . Seismic 10275 | . 1144 7885 783 463 Robot Analysis Total 5 | . 4 . . 1 Derelict Logs Recovered 2 | . . 2 . . Drone Launches . | . . . . . Drone Recoveries . | . . . . . Exploration | -11 -10 -10 -8 -8 ------------- Run | Yrd Mat Sub Mat Sto Turns Passed 13239 | 3 1936 8583 1148 1569 Spaces Moved 5717 | 1 1009 3564 383 760 Core 1 | . . . . 1 Treads 4607 | 1 1009 3564 33 . Legs . | . . . . . Wheels 1109 | . . . 350 759 Hover . | . . . . . Flight . | . . . . . Fastest Speed 50 | 160 160 160 190 50 Average Speed 178 | 160 160 192 207 125 Slowest Speed 360 | 160 160 360 360 210 Overloaded Moves . | . . . . . Propulsion Burnouts . | . . . . . Robots Hopped . | . . . . . Potential Cave-ins . | . . . . . Cave-ins Triggered . | . . . . . Exploration Rate (%) 63 | 2 99 96 28 94 Regions Visited 4 Branch Regions 2 Pre-discovered Areas 9 | . 6 3 . . Known Exits Taken 1 | . . . 1 . Unknown Exits Taken 3 | 1 1 1 . . Scrap Searched 6 | . . 6 . . Spaces Dug 71 | . 4 61 6 . Terrain Destroyed 104 | . 4 72 13 15 Melee 9 | . 4 . 5 . Projectile 85 | . . 72 8 5 AOE 10 | . . . . 10 Terrain Rammed . | . . . . . Walls Destroyed . | . . . . . Machines Disabled . | . . . . . Actions | -11 -10 -10 -8 -8 --------- Run | Yrd Mat Sub Mat Sto Total 8205 | 2 1214 5157 672 1160 Wait 1783 | . 66 1349 183 185 Move 5713 | . 1008 3563 382 760 Hop . | . . . . . Pick Up 49 | . 15 17 13 4 Fast Attach 62 | . 12 6 19 25 Attach 13 | . 1 4 4 4 Detach 1 | . . . 1 . Swap 72 | 2 12 19 16 23 Drop 102 | . 26 25 21 30 Fire 316 | . 49 170 24 73 Melee 81 | . 13 3 9 56 Ram . | . . . . . Kick . | . . . . . Crush 2 | . 1 1 . . Escape Stasis . | . . . . . Rewire . | . . . . . Trap 11 | . 11 . . . Miscellaneous . | . . . . . Route ------- -11/Scrapyard -10/Materials (discovered 5 exits: [*Mat x3] / [*Min] / *Sub) -10/Subcaves (discovered 2 exits: *Mat x2) -8/Materials (discovered 2 exits: *Sto x2) -8/Storage (discovered 2 exits: [*Fac] / [*Rec]) History --------- Turn | Location | Event 4 | -11/Scrapyard | Discovered new exit (range 0) 4 | -11/Scrapyard | Entered Materials 301 | -10/Materials | Discovered new exit (range 15) 317 | -10/Materials | Build established: Mutant 397 | -10/Materials | Discovered new exit (range 5) 620 | -10/Materials | Discovered new exit (range 12) 679 | -10/Materials | Learned location of Mines (-8) 710 | -10/Materials | Loaded intel: 8 trap records 711 | -10/Materials | Learned Materials trap positions 723 | -10/Materials | Learned location of Mines (-10) 735 | -10/Materials | Discovered new exit (range 10) 804 | -10/Materials | Derelicts attacked the area 1147 | -10/Materials | Discovered new exit (range 16) 1166 | -10/Materials | Central database locked down 1940 | -10/Materials | Entered Subcaves 1969 | -10/Subcaves | Learned location of Zion (-7) 1980 | -10/Subcaves | Learned location of Recycling (-8) 2518 | -10/Subcaves | Visited 4L-MR0's lab 2535 | -10/Subcaves | Found Powered Cannon 2537 | -10/Subcaves | Attached Powered Cannon, gained temporary slot: Power 2742 | -10/Subcaves | Shifting Twisted Machinery released Sub. Monowheel 2750 | -10/Subcaves | Shifting Twisted Machinery released Battle Rifle 2758 | -10/Subcaves | Met a Zionite searching for "candidates" 2954 | -10/Subcaves | A swath of the cavern ceiling suddenly collapsed 4159 | -10/Subcaves | Discovered new exit (range 7) 4665 | -10/Subcaves | Curiously followed by a Cobbler waking with a query about "LVR3C" 4683 | -10/Subcaves | Shifting Twisted Machinery released Battle Rifle 4728 | -10/Subcaves | Shifting Twisted Machinery released Spk. Treads 4809 | -10/Subcaves | Shifting Twisted Machinery released Mak. Sword 5151 | -10/Subcaves | Visited Clippyterm 5156 | -10/Subcaves | Learned 40 Factory zone layouts 5748 | -10/Subcaves | Discovered new exit (range 9) 6091 | -10/Subcaves | A swath of the cavern ceiling suddenly collapsed 8608 | -10/Subcaves | Ambushed by Subdweller buried in earth 9026 | -10/Subcaves | Ambushed by Subdweller buried in earth 9035 | -10/Subcaves | Core integrity fell below 50% 9546 | -10/Subcaves | Found SUBCON Basin 10494 | -10/Subcaves | Build established: Derelict-Mutant 10523 | -10/Subcaves | Entered Materials 10523 | -8/Materials | Evolved 4 slots: Propulsion x1, Utility x2, Weapon x1 10524 | -8/Materials | Loaded intel: 27 trap records 11181 | -8/Materials | Build established: Derelict-Tank 11400 | -8/Materials | Identified exit to Storage 11671 | -8/Materials | Entered Storage 11845 | -8/Storage | Destroyed 7 combat bots 12888 | -8/Storage | Used back door to open Recycling access 12888 | -8/Storage | Discovered new exit (range 5) 12959 | -8/Storage | Build established: Tank 13060 | -8/Storage | Discovered new exit (range 15) 13138 | -8/Storage | Met a pair of Derelict thieves 13204 | -8/Storage | Core integrity fell below 50% 13223 | -8/Storage | Core integrity fell below 20% 13240 | -8/Storage | Destroyed by G-50 Soldier with Heavy Laser Last Messages --------------- 13209_ Arm. Wheel destroyed. 13214_ Hvy. Particle Gun destroyed. 13217_ Mak. Light Armor Plating severed. 13218_ L-31 Rogue Katana severed. 13226_ Dropped SUBCON Basin. 13227_ G-47 Trooper destroyed. 13227_ B-36 Bruiser destroyed. 13227_ I-25 Savior destroyed. 13229_ Door Terminal disabled. 13230_ Hvy. Particle Gun destroyed. 13231_ G-50 Soldier destroyed. 13231_ Grenade Launcher destroyed. 13231_ Destroyed Grenade Launcher. 13231_ Hvy. Ion Engine destroyed. 13231_ Destroyed Hvy. Ion Engine. 13232_ Mak. Light Armor Plating destroyed. 13233_ Dropped Huge Storage Unit. 13234_ Acquired 12 matter. 13238_ Critical hit (Burn: +37). [Achievement: Achiever] Map ----- +----------------------------------------------------+ | ?# !###+######### # ### | | ?# # #??# # =# | | ?# # """"" #??# + # | | ?# # "[[= #### # !# | | ?#####/### """"" / # #^^ | | ????# + """"* #####+#########^^ | | ????# ## " [[" #??#T #???????# | | ????# *## """"" #??##"#???????# | | ????# ## ?? #?????????????# | | ????# ## ? #?????????????# | | ????# ###########????????????## | | ????# #???????????????###????# | | ????# #??????????###### ###??# | | ????# #??????????# #### T | | ???## ##?????????# """"" """# | | ???# ########### """"" R"# | | ???# # """"" """#### | | ???# !+% ####??? | | ???# [#= ||| #?????? | | ???# " ########### ||| #?????? | | ???## %###????????# ||| #?????? | | ????# %# #######??# #?????? | | ????# % # ] ]#??##########?????? | | ????#!*% =# ]] #?????????????????? | | ????#*== g%"/=! #?????????????????? | | ????#!*i =@%/==[#?????????????????? | | ????# ==!!"&![ #?????????????????? | | ????# [!=#! [[#?????????????????? | | ????# < ########?????????????????? | | ????# #?????????????????????????? | | ????####??????????????????????????? | | ??????????????????????????????????? | | ??????????????????????????????????? | | ??????????????????????????????????? | | ??????????????????????????????????? | | | | | | | | | | | | | | | | | | | | | | | | | | | | | | | +----------------------------------------------------+ Best States ------------- Heat Dissipation 59 Energy Generation 15 Energy Capacity 400 Matter Stores 300 Matter Capacity 300 Sight Range 16 Terrain Scan Density 10 Armor Coverage 600 Evasion (%) 40 Recoil Reduction 2 Item Schematics ----------------- Arm. Treads | -8/Storage | Hacked Robot Schematics ------------------ None Fabricated ------------ Nothing Repaired ---------- Nothing Studied --------- None Alien Tech Used ----------------- None Achievements -------------- Achiever Art Critic Do Not Disturb Tune-up Challenges ------------ None Game ------ Seed EnhancedDrainedReplicator Manual? 0 Play Time 01:57:21 Cumulative 17.4 hours Start 2026.01.25 @ 18:09:21 End 2026.01.25 @ 20:08:27 Sessions 1 Manual Loads 0 Difficulty Rogue Special Mode None Game No. 13 Rogue 12 Adventurer 0 Explorer 1 Win Type - Total 3 Types 2/0/0/1/0/0/0/0/0/0 Lore% 31 Gallery% 29 Achievement% 25 Wizard Run 0 Options --------- Layout 1 ASCII 0 Keyboard 0 Movement Mouse Keybinds 0 Fullscreen 1 Font 24/Smallcaps Map View 50x35 Zoom Use 0% Tactical HUD 1 Map Filters NONE Filters NONE Steam 1 RUN: 170ab0ea-60e2-4ced-a03a-120b34ff174a